Map: Kairos Junction LE

Players

SpaceMarine

  • Race: Protoss Protoss
  • League: Diamond
  • Spawn Location: 11:00

Wanderer - Winner!

  • Race: Terran Terran
  • Spawn Location: 5:00

Event: 2019 WCS Summer

VOD

Have the link to the VOD?

Description

Time

  • Played on: July 12, 2019, 8:58 a.m.
  • Length: 15:09

All games in this series

Show
View Real Time Build Order
Export as new Build Order

SpaceMarine Protoss 

Build Orders: 1 Gate Expand 

Get SALT Encoding   

  12  0:00  Probe  
  13  0:12  Probe  
  14  0:17  Pylon  
  14  0:24  Probe  
  15  0:32  Probe  
  15  0:37  Gateway  
  15  0:40  Probe  
  16  0:45  Assimilator  
  17  0:51  Probe  
  18  1:03  Probe  
  19  1:19  Nexus  
  19  1:30  Cybernetics Core  
  19  1:33  Probe  
  19  1:38  Assimilator  
  20  1:45  Probe  
  21  1:47  Pylon  
  21  1:55  Probe  
  21  1:56  Stalker  
  22  2:03  Probe  
  22  2:08  Warp Gate  
  25  2:12  Probe  
  26  2:24  Probe, Robotics Facility  
  27  2:31  Probe  
  27  2:35  Stalker  
  30  2:38  Probe  
  30  2:39  Probe  
  32  2:47  Probe  
  32  2:50  Probe  
  34  3:06  Gateway  
  34  3:07  Gateway  
  34  3:12  Warp Prism  
  36  3:18  Stalker  
  37  3:23  Probe x2  
  39  3:35  Probe x2  
  41  3:49  Probe x2  
  41  3:55  Twilight Council  
  43  4:00  Stalker  
  45  4:03  Pylon  
  45  4:07  Probe  
  46  4:14  Assimilator  
  46  4:16  Assimilator  
  46  4:19  Pylon  
  46  4:21  Probe  
  46  4:22  Adept x2  
  46  4:23  Adept  
  53  4:24  Probe  
  54  4:37  Probe  
  54  4:38  Probe  
  56  4:42  Pylon  
  56  4:44  Stalker x3  
  62  4:46  Charge  
  62  4:47  Dark Shrine  
  62  4:49  Probe  
  62  4:50  Probe  
  62  5:01  Probe  
  62  5:02  Probe  
  64  5:13  Probe  
  65  5:15  Probe  
  66  5:22  Sentry  
  66  5:23  Zealot  
  70  5:32  Nexus  
  70  5:34  Pylon  
  70  5:36  Pylon  
  70  5:38  Forge  
  70  5:52  Probe x2  
  70  5:54  Pylon  
  72  5:59  Dark Templar x3  
  78  6:04  Probe x2  
  78  6:06  Blink  
  78  6:07  Protoss Ground Armor Level 1  
  80  6:16  Probe x2  
  82  6:29  Probe x2  
  84  6:41  Probe  
  77  6:48  Probe  
  77  6:49  Probe  
  77  6:50  Zealot x3  
  85  6:57  Gateway  
  85  6:58  Probe  
  85  6:59  Gateway  
  85  7:00  Probe  
  85  7:01  Gateway x2  
  87  7:03  Gateway  
  87  7:05  Probe  
  87  7:07  Templar Archives  
  88  7:09  Assimilator  
  88  7:11  Zealot x3, Assimilator  
  94  7:34  Stalker x3  
  88  7:58  Stalker x3  
  91  8:00  Nexus  
  91  8:02  Pylon  
  91  8:03  Pylon  
  91  8:04  Pylon  
  93  8:06  Pylon  
  79  8:26  Zealot x2  
  79  8:27  Zealot x6  
  58  8:50  Stalker x2  
  58  8:51  Stalker x3  
  58  8:52  Sentry, Zealot  
  58  8:53  Zealot  
  72  8:59  Probe x2  
  68  9:11  Probe  
  68  9:14  Psionic Storm  
  68  9:16  Zealot x2  
  71  9:17  Zealot x6  
  81  9:27  Probe x2  
  81  9:30  Probe  
  78  9:47  Probe x3  
  78  9:49  High Templar x2  
  78  9:52  Protoss Ground Armor Level 2, Pylon x2  
  85  9:53  Pylon  
  85  10:03  Assimilator  
  85  10:04  Assimilator  
  85  10:10  Probe  
  85  10:12  High Templar x3  
  92  10:15  High Templar x2  
  92  10:20  Zealot, Archon  
  98  10:34  Stalker x2  
  102  10:50  Dark Templar  
  102  10:55  Stalker x3  
  106  11:04  Stalker  
  106  11:05  Stalker x3  
  101  11:22  Stalker x2  
  103  11:28  High Templar  
  103  11:29  Sentry, High Templar  
  103  11:32  Zealot  
  96  11:49  Zealot x4  
  96  11:53  Pylon x2  
  97  11:54  Pylon  
  83  12:08  Probe x2  
  83  12:09  Probe  
  83  12:11  Immortal  
  83  12:13  Protoss Ground Armor Level 3  
  90  12:23  Zealot x6  
  84  12:46  High Templar x3  
  90  12:56  Probe x2  
  92  12:59  Probe  
  92  13:03  Immortal  
  93  13:08  Probe  
  93  13:09  Probe, Sentry  
  93  13:10  Zealot x3  
  93  13:12  Nexus  
  107  13:14  Pylon  
  107  13:16  Pylon  
  105  13:35  Archon x2  
  93  13:45  High Templar x3  
  93  13:46  Zealot x2  
  93  13:47  Zealot x3  
  93  13:48  Immortal  
  97  14:08  Stalker x4  
  97  14:09  Stalker  
  100  14:18  Zealot x3  
  90  14:39  Zealot x4  
  90  14:40  Stalker  
  90  14:41  Stalker x3  
  88  15:01  Archon  
  88  15:04  Zealot x7  
Show
View Real Time Build Order
Export as new Build Order

Wanderer Terran - Winner!

Build Orders: Reaper Expand 

Get SALT Encoding   

  12  0:00  SCV  
  13  0:12  SCV  
  14  0:16  Supply Depot  
  14  0:25  SCV  
  15  0:38  SCV  
  15  0:39  Barracks  
  16  0:44  Refinery  
  16  0:50  SCV  
  17  1:02  SCV  
  18  1:14  SCV  
  19  1:28  Reaper  
  19  1:29  Orbital Command  
  20  1:43  Command Center  
  20  1:54  SCV  
  21  2:03  Supply Depot  
  21  2:05  Barracks Reactor  
  21  2:06  SCV  
  22  2:10  Refinery  
  22  2:14  Bunker  
  22  2:18  SCV  
  23  2:31  SCV  
  24  2:37  Factory  
  24  2:41  Marine x2  
  24  2:44  SCV  
  27  2:55  Orbital Command  
  27  2:56  SCV  
  28  2:59  Marine x2  
  30  3:10  SCV  
  31  3:16  Marine x2  
  32  3:21  SCV  
  32  3:22  SCV  
  32  3:23  Factory Tech Lab, Starport  
  34  3:33  SCV  
  35  3:34  SCV  
  35  3:39  Marine x2  
  38  3:42  Supply Depot  
  38  3:43  Widow Mine  
  38  3:45  SCV  
  38  3:46  SCV  
  42  3:49  Barracks  
  42  3:57  Marine x2  
  42  4:00  Viking  
  46  4:04  SCV x2  
  46  4:05  Supply Depot  
  48  4:13  Siege Tank  
  48  4:15  Marine x2  
  53  4:19  SCV  
  53  4:22  Supply Depot  
  54  4:27  Barracks, SCV  
  54  4:30  Starport Tech Lab  
  55  4:36  Marine  
  55  4:37  Marine, SCV  
  58  4:41  Marine  
  58  4:43  SCV  
  60  4:46  Supply Depot  
  60  4:48  Raven  
  62  4:57  SCV  
  62  5:06  Marine  
  62  5:07  Marine x2  
  62  5:09  SCV x2  
  62  5:10  Supply Depot  
  62  5:13  Siege Tank  
  69  5:16  Marine  
  69  5:19  Refinery  
  70  5:22  Engineering Bay  
  70  5:24  SCV  
  70  5:28  SCV  
  72  5:35  Stimpack  
  72  5:36  SCV  
  72  5:37  Marauder  
  72  5:41  Starport Reactor  
  76  5:42  SCV  
  76  5:49  Combat Shield  
  76  5:50  Marauder  
  76  5:53  Factory Reactor, Supply Depot  
  78  5:58  Marine x2  
  78  6:00  Marauder  
  82  6:05  SCV, Terran Infantry Weapons Level 1  
  82  6:08  SCV, Supply Depot  
  82  6:09  Refinery  
  84  6:13  Marauder  
  84  6:17  SCV  
  84  6:18  Medivac  
  89  6:20  SCV  
  89  6:24  Marauder  
  89  6:25  Marine x2  
  94  6:30  Missile Turret  
  88  6:45  Marine x2, Marauder, Widow Mine x2  
  94  6:47  Medivac  
  94  6:48  SCV  
  97  6:56  Marauder  
  97  7:01  Missile Turret  
  99  7:02  Supply Depot  
  99  7:06  Medivac  
  101  7:10  Concussive Shells  
  101  7:15  Marine  
  102  7:20  Marauder, SCV x2  
  102  7:21  Supply Depot  
  106  7:26  Supply Depot  
  106  7:29  Marine  
  109  7:30  Marauder  
  109  7:32  SCV  
  109  7:34  Liberator  
  110  7:50  Marine x2  
  110  7:51  Marauder x2, Widow Mine x2  
  118  7:52  SCV  
  118  7:54  Supply Depot x2  
  124  8:03  Barracks  
  124  8:04  SCV  
  125  8:06  Terran Infantry Armor Level 1  
  125  8:08  Marine  
  125  8:12  Marauder  
  123  8:15  Marine  
  123  8:16  Marauder  
  120  8:31  Marine  
  120  8:34  Marauder, Liberator x2  
  95  8:50  Marine  
  95  8:51  Marauder, Widow Mine x2  
  95  8:52  SCV x2  
  108  8:59  Supply Depot  
  108  9:05  Command Center  
  104  9:10  Marine x2  
  104  9:11  Marauder  
  104  9:12  Marauder  
  107  9:17  Liberator  
  107  9:23  Widow Mine  
  106  9:28  Barracks Tech Lab, Marine x2, Liberator  
  104  9:32  Marauder  
  106  9:44  Marine  
  106  9:45  Widow Mine x2  
  112  9:50  Marine x2  
  112  9:51  Marauder  
  114  9:54  Marauder  
  114  9:56  Supply Depot  
  116  10:01  Armory  
  116  10:04  SCV x2  
  118  10:16  Marine  
  118  10:17  Marauder x3, Marine  
  126  10:22  Engineering Bay  
  126  10:26  Orbital Command  
  126  10:32  Medivac  
  126  10:33  Medivac  
  130  10:41  Marine  
  130  10:42  Marauder  
  133  10:44  Marine  
  133  10:45  Marauder  
  133  10:47  Engineering Bay  
  133  10:49  Barracks, SCV  
  134  10:51  SCV  
  134  11:02  Medivac  
  122  11:05  SCV x2  
  122  11:06  Ghost Academy  
  120  11:13  Marine  
  120  11:14  Marauder  
  120  11:16  Medivac  
  120  11:17  Widow Mine x2, SCV x2  
  128  11:18  Terran Infantry Weapons Level 2  
  128  11:19  Terran Infantry Armor Level 2  
  128  11:24  Refinery  
  128  11:25  Refinery, Missile Turret  
  126  11:27  Marine  
  126  11:28  Marauder  
  126  11:29  SCV  
  126  11:30  SCV  
  130  11:41  SCV  
  127  11:57  Orbital Command  
  114  12:04  SCV x2  
  114  12:10  Marine x2  
  114  12:11  Ghost x3  
  114  12:12  Barracks Tech Lab  
  114  12:16  SCV  
  112  12:23  SCV  
  112  12:28  Marine, SCV  
  95  12:39  Marauder, Marine  
  95  12:40  Marauder, Marine  
  95  12:41  Marauder  
  101  12:45  Widow Mine  
  101  12:46  Marine, SCV  
  105  12:53  Widow Mine  
  105  12:55  SCV  
  105  12:56  Marine, Liberator  
  105  12:57  Liberator  
  111  12:58  Marauder, SCV  
  111  13:01  Marine, Marauder  
  111  13:02  Marauder  
  111  13:04  Marine  
  118  13:06  Widow Mine  
  122  13:14  Marine  
  122  13:17  Widow Mine  
  122  13:19  Marine  
  132  13:20  Marauder  
  132  13:21  Marine x2  
  132  13:24  Marine  
  135  13:27  Widow Mine  
  135  13:28  Supply Depot  
  133  13:38  Marauder, Widow Mine  
  133  13:40  Marine x2  
  133  13:41  Marauder, Marine x2  
  137  13:45  Liberator x2  
  135  13:56  Widow Mine  
  135  13:58  Marine x2  
  135  13:59  Marauder  
  135  14:00  Marine x2  
  135  14:02  Marauder, Widow Mine  
  153  14:04  Fusion Core  
  153  14:08  Starport  
  153  14:16  Marine x2  
  153  14:17  SCV x2  
  157  14:18  Marine  
  157  14:19  Marauder, Supply Depot  
  157  14:20  Marine, Command Center  
  157  14:21  Supply Depot  
  161  14:30  Marine  
  153  14:34  Marine x2  
  153  14:37  Marauder  
  159  14:38  Marauder  
  159  14:40  Marine, Widow Mine  
  159  14:45  Starport Tech Lab  
  162  14:48  Marine  
Tags
 
Add a new tag
Caveats
  • Supply blocks, unpowered buildings, or Contaminate may cause inaccurate times.
  • Supply counts are checked every 10 seconds.